 Dungeon Crawl Stone Soup version 0.20-a0-689-g860b9ab (webtiles) character file.

13 polly the Covered (level 2, 0/19 HPs)
             Began as a Gargoyle Fighter on Feb 20, 2017.
             Slain by a gnoll
             ... wielding a cursed -1 club
              (6 damage)
             ... on level 2 of the Dungeon.
             The game lasted 00:00:29 (734 turns).

polly the Covered (Gargoyle Fighter)                 Turns: 734, Time: 00:00:30

Health: 0/19       AC:  9    Str: 19    XL:     2   Next: 37%
Magic:  2/2        EV:  7    Int:  8    God:
Gold:   47         SH:  9    Dex:  9    Spells: 1/1 levels left

rFire    . . .     SeeInvis .   a - +0 flail
rCold    . . .     Gourm    .   b - +0 scale mail
rNeg     + . .     Faith    .   c - +0 shield
rPois    ∞         Spirit   .   (no helmet)
rElec    +         Reflect  .   (no cloak)
rCorr    .         Harm     .   (no gloves)
MR       .....                  (no boots)
Stlth    ..........             (no amulet)
Regen    0.1/turn               (no ring)
MPRegen  0.1/turn               (no ring)

@: no status effects
A: negative energy resistance 1, electricity resistance, unbreathing,
petrification resistance, rot immunity, AC +2
a: no special abilities


You were on level 2 of the Dungeon.
You were not hungry.

You visited 1 branch of the dungeon, and saw 2 of its levels.

You collected 47 gold pieces.

Inventory:

Hand Weapons
 a - a +0 flail (weapon)
Armour
 b - a +0 scale mail (worn)
 c - a +0 shield (worn)
Jewellery
 j - an uncursed ring of positive energy {unknown}
Scrolls
 e - a scroll of remove curse {unknown}
 h - 2 scrolls of enchant armour {unknown}
 k - a scroll of identify {unknown}
Potions
 d - a potion of might
 g - a potion of curing {unknown}
Comestibles
 f - 2 bread rations
 i - a meat ration


   Skills:
 + Level 3.4 Fighting
 + Level 2.2 Maces & Flails
 + Level 3.6 Armour
 + Level 3.4 Shields


You had one spell level left.
You didn't know any spells.

Dungeon Overview and Level Annotations

Branches:
Dungeon (2/15)

Altars:


Innate Abilities, Weirdness & Mutations

You are resistant to torment.
Your stone body is resilient. (AC +2)
You are immune to poison.
You resist negative energy. (rN+)
You are resistant to electric shocks. (rElec)
You can survive without breathing.
You are immune to petrification.
You are immune to rotting.


Message History

You are too injured to fight recklessly!
You are too injured to fight recklessly!
You are too injured to fight recklessly!
You are too injured to fight recklessly!
You are too injured to fight recklessly!
You are too injured to fight recklessly!
You are too injured to fight recklessly!
You are too injured to fight recklessly!
You are too injured to fight recklessly!
The gnoll barely misses you. You block the gnoll's attack.
The gnoll closely misses you. You block the gnoll's attack.
You closely miss the gnoll. You block the gnoll's attack. x2
You hit the gnoll.
The gnoll is heavily wounded.
The gnoll closely misses you. You block the gnoll's attack. x2
You hit the gnoll.
The gnoll is severely wounded.
You block the gnoll's attack. The gnoll hits you with a club.
You die...

.........###........P♣
♣♣.......# #.......P♣♣
........###..........
........#.'..........
<#+#.#..#.#..........
#.####.###........
#......# #.#####..
############.#####
........@gggg....##
############K.....#
......g....#
...##......# ...
#.#.#.#.. .. #.#.#.#
## . #.#.#.# #.#.# #
#.#


You could see 4 gnolls and a kobold.

Vanquished Creatures
  A leopard gecko (D:1)
  2 bats (D:1)
  A giant cockroach (D:1)
  A hobgoblin (D:1)
  3 kobolds (D:1)
  3 rats (D:1)
11 creatures vanquished.

Notes
Turn   | Place    | Note
-------+----------+-------------------------------------------
     0 | D:1      | polly the Gargoyle Fighter began the quest for the Orb.
     0 | D:1      | Reached XP level 1. HP: 14/14 MP: 1/1
   259 | D:1      | Reached XP level 2. HP: 19/19 MP: 2/2
   734 | D:2      | Slain by a gnoll

Vault maps used:
D:1:      dpeg_arrival_more_subterranean_lakeside_camping, serial_bayou_ford_a,
          hangedman_abyss_or_decor_lesser_grid, serial_bayou_crossing
D:2:      serial_forest, infiniplex_forest_end_double,
          infiniplex_forest_clump_diagonal, infiniplex_forest_clump_curved,
          infiniplex_forest_lined_3, infiniplex_forest_corner_1,
          infiniplex_forest_lined_3, infiniplex_forest_clump_large,
          infiniplex_forest_lined_3, uniq_crazy_yiuf_cottage

Action                   || total
-------------------------++-------
Melee: Flail             ||    35
Armor: Scale mail        ||    23
Dodge: Dodged            ||    10
Block: Shield            ||    29
